 Dungeon Crawl Stone Soup version 0.20.1-1-g8b1a95d (webtiles) character file.

28718 gobwax the Severer (level 13, -5/95 HPs)
             Began as a Hill Orc Fighter on Sept 8, 2017.
             Was a High Priest of Okawaru.
             Slain by a ten-headed hydra (9 damage)
             ... on level 12 of the Dungeon.
             The game lasted 00:29:29 (9754 turns).

gobwax the Severer (Hill Orc Fighter)               Turns: 9754, Time: 00:29:29

Health: -5/95      AC: 12    Str: 28    XL:     13   Next: 40%
Magic:  13/13      EV: 14    Int:  8    God:    Okawaru [*****.]
Gold:   304        SH:  0    Dex: 19    Spells: 12/12 levels left

rFire    . . .     SeeInvis .   M - +7 glaive of Yredelemnul's Regard {speed, MR+ Dex+2}
rCold    . . .     Gourm    .   (shield currently unavailable)
rNeg     . . .     Faith    .   J - +0 scale mail
rPois    +         Spirit   .   l - +1 helmet
rElec    .         Reflect  .   (no cloak)
rCorr    .         Harm     .   S - +0 pair of gloves of Minor Irritation {Dex+7} (curse)
MR       +....                  (no boots)
Stlth    ..........             z - amulet of regeneration
Regen    0.7/turn               t - ring of poison resistance
MPRegen  0.2/turn               h - +4 ring of evasion

@: about to teleport, very slightly contaminated
A: icy blue scales 1, screaming 1, strong 2, sturdy frame 1
a: Heroism, Finesse, Renounce Religion


You were on level 12 of the Dungeon.
You worshipped Okawaru.
Okawaru was extremely pleased with you.
You were not hungry.

You visited 2 branches of the dungeon, and saw 14 of its levels.
You also visited: Bailey.

You collected 718 gold pieces.
You spent 414 gold pieces at shops.

Inventory:

Hand Weapons
 a - a +1 war axe
 o - a +7 battleaxe of chopping
 A - a +0 broad axe
 C - a +2 great mace of holy wrath
 M - the +7 glaive of Yredelemnul's Regard (weapon) {speed, MR+ Dex+2}
   (You found it on level 9 of the Dungeon)

   Attacks with this weapon are significantly faster.
   It affects your dexterity (+2).
   It affects your resistance to hostile enchantments.
Missiles
 d - 2 silver javelins (quivered)
 H - 3 throwing nets
 Q - 2 needles of sleeping
Armour
 b - a +0 scale mail
 c - a +0 shield
 i - a +1 pair of gloves
 l - a +1 helmet (worn)
 J - a +0 scale mail (worn)
 S - the cursed +0 pair of gloves of Minor Irritation (worn) {Dex+7}
   (You bought it in a shop on level 10 of the Dungeon)

   It affects your dexterity (+7).
   It has a curse placed upon it.
Jewellery
 e - an uncursed ring of resist corrosion
 h - a +4 ring of evasion (right hand)
 t - a ring of poison resistance (left hand)
 z - an amulet of regeneration (around neck)
 E - an uncursed ring of protection from cold
Wands
 p - a wand of confusion (48/48)
 w - a wand of polymorph (0/24)
 L - a wand of flame (8/48)
Scrolls
 q - 3 scrolls of blinking
 u - 3 scrolls of remove curse
 v - 5 scrolls of amnesia
 y - 2 scrolls of recharging
 G - 4 scrolls of immolation
 I - 5 scrolls of identify
 K - a scroll of enchant armour
Potions
 k - 5 potions of flight
 m - 3 potions of cancellation
 r - 4 potions of curing
 s - a potion of invisibility
 x - 2 potions of brilliance
 F - a potion of heal wounds
Comestibles
 f - 9 bread rations
 g - 6 meat rations
 j - 5 royal jellies
 D - a fruit


   Skills:
 - Level 3.6 Fighting
 - Level 20.4(22.1) Axes
 * Level 14.0(17.5) Polearms
 - Level 3.2 Armour
 - Level 3.2 Shields
 - Level 1.1 Invocations


You had 12 spell levels left.
You didn't know any spells.

Dungeon Overview and Level Annotations

Branches:
Dungeon (13/15)            Temple (1/1) D:4            Lair (0/6) D:9
    Orc (0/2) D:10
 Vaults: D:13-14

Altars:
Ashenzari
Cheibriados
Dithmenos
Elyvilon
Fedhas
Gozag
Hepliaklqana
Kikubaaqudgha
Makhleb
Nemelex Xobeh
Okawaru
Qazlal
Ru
Sif Muna
Trog
Uskayaw
Vehumet
Yredelemnul
Zin
The Shining One

Shops:
D:4 *   D:10 %[   D:12 *


Innate Abilities, Weirdness & Mutations

You are partially covered in icy blue scales. (AC +2)
You occasionally shout uncontrollably at your foes.
Your muscles are very strong. (Str +4)
Your movements are slightly less encumbered by armour. (ER -2)


Message History

The eight-headed hydra bites you but does no damage. x2
The eight-headed hydra bites you.
The eight-headed hydra closely misses you.
The eight-headed hydra barely misses you.
The eight-headed hydra bites you.
You lop one of the eight-headed hydra's heads off!
The seven-headed hydra grows two more!
You slice the nine-headed hydra!!
The nine-headed hydra is heavily wounded.
You hack one of the nine-headed hydra's heads off!
The eight-headed hydra grows two more!
You slash the ten-headed hydra!
The ten-headed hydra is heavily wounded.
The ten-headed hydra bites you.
The ten-headed hydra bites you but does no damage.
The ten-headed hydra bites you!
* * * LOW HITPOINT WARNING * * *
The ten-headed hydra bites you but does no damage.
The ten-headed hydra misses you. The ten-headed hydra bites you!
* * * LOW HITPOINT WARNING * * *
The ten-headed hydra bites you!
You die...

**#......##(##.....)..###.+......
###......##(('...)....#...#......
.........††###).......#.###......
...#.##....# #....[.[.'.# ######'
.####.###..# #.....÷[.### ##.
,#.#%#.#...# ####.....# #.)
*##.#%#.##.# ######.### ###)#
*#.#.#.###.#####........# #..).
#.#%#.#%.#.....D@.......#####....
##%#.#.###..####........##.......
..#.#.#.#...# #........##.##....
.###,###....# #.(......##.##....
.,,***#.....# #........'..##....
,,,,,.......# #........#####...<
,,,,..####### ########## #....
****##* #####


You could see a ten-headed hydra.

Vanquished Creatures
  Azrael (D:12)
  The ghost of equalderp2856 the Cleaver, a novice MiFi (Bailey)
  A death yak (D:12)
  3 unseen horrors
  Pikel (D:8)
  The ghost of gobwax the Thaumaturge, a novice DEAE of Vehumet (D:8)
  The ghost of simples the Covert, a novice SpEn of Gozag (Bailey)
  A cyclops (D:10)
  A troll (D:10)
  The ghost of hilaritas the Chiller, a novice DEIE of Vehumet (D:5)
  A queen bee (D:12)
  2 hippogriffs
  2 wraiths (D:12)
  2 wyverns
  A vampire (D:11)
  A shadow (D:11)
  5 yaks (D:11)
  2 fire elementals (D:12)
  Grum (D:8)
  A hungry ghost (D:11)
  Menkaure (D:4)
  3 wargs (D:9)
  A water moccasin (D:7)
  3 ice beasts
  19 orc warriors
  2 black bears
  4 sky beasts
  3 slaves (D:8)
  4 ogres
  2 wolves (D:8)
  A phantom (D:6)
  5 centaurs
  3 big kobolds
  6 bullfrogs
  A gnoll sergeant (D:12)
  6 scorpions
  36 killer bees
  2 howler monkeys
  5 crimson imps
  A bullfrog zombie (D:10)
  2 centaur zombies
  5 hounds
  9 orc wizards
  2 quasits
  A bullfrog skeleton (D:8)
  2 orc priests (D:9)
  2 centaur skeletons
  3 jellies
  Natasha (thrice) (D:4)
  11 worker ants
  A killer bee zombie (D:7)
  A hound zombie (D:7)
  A hound skeleton (D:7)
  A worker ant zombie (D:7)
  17 gnolls
  A howler monkey skeleton (D:8)
  12 adders
  5 shadow imps
  An ooze (D:3)
  A worm (D:2)
  2 dart slugs
  3 leopard geckos
  51 orcs
  4 giant cockroaches
  19 goblins
  25 hobgoblins
  16 jackals
  8 kobolds
  4 quokkas
  A ball python (D:6)
  5 bats
  4 frilled lizards
  A giant cockroach zombie (D:6)
  A leopard gecko skeleton (D:4)
  A quokka zombie (D:7)
  11 rats
375 creatures vanquished.

Vanquished Creatures (others)
  A two-headed ogre (D:8)
  A hound (D:9)
2 creatures vanquished.

Grand Total: 377 creatures vanquished

Notes
Turn   | Place    | Note
-------+----------+-------------------------------------------
     0 | D:1      | gobwax the Hill Orc Fighter began the quest for the Orb.
     0 | D:1      | Reached XP level 1. HP: 19/19 MP: 1/1
    51 | D:1      | Reached skill level 3 in Axes
    65 | D:1      | Reached XP level 2. HP: 15/26 MP: 2/2
   268 | D:1      | Reached skill level 4 in Axes
   739 | D:2      | Reached XP level 3. HP: 31/31 MP: 3/3
   906 | D:2      | Reached skill level 5 in Axes
  1119 | D:2      | Found a shattered altar of Ashenzari.
  1197 | D:3      | Reached XP level 4. HP: 34/39 MP: 4/4
  1346 | D:3      | Reached skill level 6 in Axes
  1934 | D:4      | Found a sacrificial altar of Ru.
  1960 | D:4      | Reached XP level 5. HP: 41/45 MP: 5/5
  1978 | D:4      | Reached skill level 7 in Axes
  1997 | D:4      | Found Deakorur's General Store.
  2130 | D:4      | Noticed Natasha
  2141 | D:4      | Killed Natasha
  2474 | D:4      | Noticed Natasha
  2481 | D:4      | Killed Natasha
  2481 | D:4      | Reached skill level 8 in Axes
  2481 | D:4      | Reached XP level 6. HP: 38/51 MP: 6/6
  2508 | D:4      | Noticed Menkaure
  2514 | D:4      | Killed Menkaure
  2514 | D:4      | Reached skill level 9 in Axes
  2537 | D:4      | Noticed Natasha
  2545 | D:4      | Killed Natasha
  2610 | D:4      | Found a staircase to the Ecumenical Temple.
  2675 | Temple   | Entered the Ecumenical Temple
  2773 | Temple   | Became a worshipper of Warmaster Okawaru
  2848 | D:4      | Reached XP level 7. HP: 57/57 MP: 7/7
  2888 | D:5      | Entered Level 5 of the Dungeon
  3007 | D:5      | Reached skill level 10 in Axes
  3372 | D:5      | Noticed hilaritas's ghost (novice DEIE)
  3385 | D:5      | Killed hilaritas's ghost
  3385 | D:5      | Reached * piety under Okawaru
  3385 | D:5      | Reached skill level 11 in Axes
  3500 | D:6      | Reached XP level 8. HP: 64/64 MP: 8/8
  3746 | D:6      | Found a stormy altar of Qazlal.
  3748 | D:6      | Found a hide-covered altar of Uskayaw.
  3766 | D:6      | Reached skill level 12 in Axes
  4289 | D:7      | Noticed a hippogriff
  4307 | D:7      | Killed a hippogriff
  4307 | D:7      | Reached ** piety under Okawaru
  4307 | D:7      | Reached skill level 13 in Axes
  4379 | D:7      | Reached XP level 9. HP: 51/70 MP: 9/9
  4392 | D:7      | Reached skill level 14 in Axes
  4799 | D:7      | Reached *** piety under Okawaru
  4799 | D:7      | Reached skill level 15 in Axes
  4807 | D:7      | Gained mutation: You are agile. (Dex +2) [mutagenic meat]
  4808 | D:7      | Gained mutation: You occasionally shout uncontrollably at your foes. [mutagenic meat]
  4809 | D:7      | Gained mutation: Your muscles are strong. (Str +2) [mutagenic meat]
  5176 | D:8      | Noticed Grum
  5176 | D:8      | Noticed Pikel
  5185 | D:8      | Found a flagged portal.
  5187 | D:8      | Noticed a two-headed ogre
  5194 | D:8      | Lost mutation: You are agile. (Dex +2) [potion of mutation]
  5194 | D:8      | Gained mutation: You are partially covered in icy blue scales. (AC +2) [potion of mutation]
  5194 | D:8      | Gained mutation: Your movements are slightly less encumbered by armour. (ER -2) [potion of mutation]
  5194 | D:8      | Gained mutation: Your muscles are very strong. (Str +4) [potion of mutation]
  5199 | D:8      | Killed a two-headed ogre
  5199 | D:8      | Reached skill level 16 in Axes
  5211 | Bailey   | Entered a bailey
  5336 | Bailey   | Reached XP level 10. HP: 45/77 MP: 10/10
  5339 | Bailey   | Noticed simples's ghost (novice SpEn)
  5427 | Bailey   | Killed simples's ghost
  5427 | Bailey   | Reached skill level 17 in Axes
  5461 | Bailey   | Noticed equalderp2856's ghost (novice MiFi)
  5608 | Bailey   | Reached **** piety under Okawaru
  5696 | Bailey   | Killed equalderp2856's ghost
  5696 | Bailey   | Reached skill level 18 in Axes
  5696 | Bailey   | Reached skill level 1 in Invocations
  5711 | Bailey   | Noticed an orc warlord
  5891 | D:8      | Noticed gobwax's ghost (novice DEAE)
  5905 | D:8      | Killed gobwax's ghost
  6031 | D:8      | Reached skill level 19 in Axes
  6076 | D:8      | Reached ***** piety under Okawaru
  6094 | D:8      | Killed Pikel
  6094 | D:8      | Reached XP level 11. HP: 57/82 MP: 11/11
  6226 | D:8      | Found a white marble altar of Elyvilon.
  6353 | D:8      | Killed Grum
  6596 | D:9      | Reached skill level 20 in Axes
  6622 | D:9      | Found a staircase to the Lair.
  6876 | D:9      | Got an encrusted glaive
  6877 | D:9      | Identified the +7 glaive of Yredelemnul's Regard {speed, MR+ Dex+2} (You found it on level 9 of the Dungeon)
  7150 | D:9      | Reached skill level 1 in Polearms
  7185 | D:9      | Got a slimy lead ring
  7187 | D:9      | Identified the cursed ring "Uwogrisehy" {rElec rC+ Str-2} (You found it on level 9 of the Dungeon)
  7483 | D:10     | Entered Level 10 of the Dungeon
  7514 | D:10     | Noticed a cyclops
  7535 | D:10     | Killed a cyclops
  7710 | D:10     | Received a gift from Okawaru
  7775 | D:10     | Found Nasodo's Food Boutique.
  7853 | D:10     | Found Dituanamp's Armour Emporium.
  7853 | D:10     | Found a staircase to the Orcish Mines.
  7909 | D:10     | Bought the cursed +0 pair of gloves of Minor Irritation {Dex+7} for 324 gold pieces
  7937 | D:10     | Reached skill level 5 in Polearms
  7996 | D:10     | Identified a scroll of acquirement
  8115 | D:10     | Killed an unseen horror
  8282 | D:11     | Reached ****** piety under Okawaru
  8440 | D:11     | Received a gift from Okawaru
  8553 | D:11     | Reached XP level 12. HP: 86/90 MP: 12/12
  9109 | D:12     | Noticed Azrael
  9111 | D:12     | Reached XP level 13. HP: 86/95 MP: 13/13
  9131 | D:12     | Killed Azrael
  9296 | D:12     | Found Qike's General Store.
  9299 | D:12     | Bought a scroll of teleportation for 45 gold pieces
  9299 | D:12     | Bought a scroll of teleportation for 45 gold pieces
  9529 | D:12     | Found a snail-covered altar of Cheibriados.
  9754 | D:12     | HP: 4/95 [ten-headed hydra (13)]
  9754 | D:12     | Slain by a ten-headed hydra

Skill      XL: |  1  2  3  4  5  6  7  8  9 10 11 12 13 |
---------------+----------------------------------------+-----
Axes           | 3 4 5 6 8 9 11 13 16 19 20 | 20.4
Invocations    | 1 |  1.1
Polearms       | 7 12 14 | 14.0
Fighting       | |  3.6
Armour         | |  3.2
Shields        | |  3.2

Action                   |  1- 3 |  4- 6 |  7- 9 | 10-12 | 13-15 || total
-------------------------+-------+-------+-------+-------+-------++-------
Melee: War axe           |   126 |   130 |   368 |   179 |       ||   803
       Battleaxe         |       |       |       |   132 |       ||   132
       Glaive            |       |       |       |   176 |   121 ||   297
Invok: Heroism           |       |       |     1 |     6 |     3 ||    10
       Finesse           |       |       |       |       |     3 ||     3
Evoke: Wand              |       |       |       |       |     5 ||     5
  Use: Potion            |       |     1 |     7 |    15 |     4 ||    27
       Scroll            |       |       |    14 |    11 |     4 ||    29
 Stab: Invisible         |       |       |     3 |     1 |       ||     4
  Eat: Chunk             |     1 |     3 |    10 |    13 |     2 ||    29
       Meat ration       |       |     1 |       |       |       ||     1
Armor: Scale mail        |    57 |    59 |   140 |   157 |    51 ||   464
       Skin              |       |       |       |    10 |       ||    10
Dodge: Dodged            |    35 |    40 |    87 |   127 |    75 ||   364
Block: Shield            |    60 |    60 |   161 |    62 |       ||   343
